 Dungeon Crawl Stone Soup version 0.25-a0-589-g1e14c549ee (webtiles) character file.

Game seed: 10659602026460525648, levelgen mode: deterministic

3475 kae the Schismatic (level 9, -2/70 (71) HPs)
             Began as a Demonspawn Abyssal Knight on Mar 11, 2020.
             Was an Elder of Lugonu.
             Slain by a skeletal warrior
             ... wielding a +0 dire flail
             ... led by a skeletal warrior
              (10 damage)
             ... on level 8 of the Dungeon.
             The game lasted 00:11:33 (11008 turns).

kae the Schismatic (Demonspawn Abyssal Knight)     Turns: 11008, Time: 00:11:33

HP:   -2/70 (71)    AC: 21    Str: 16    XL:     9   Next: 79%
MP:   0/14          EV:  7    Int: 13    God:    Lugonu [****..]
Gold: 632           SH:  5    Dex: 13    Spells: 8/8 levels left

rFire    + + .     SeeInvis .   a - +2 mace
rCold    . . .     Gourm    .   n - +0 buckler
rNeg     + . .     Faith    .   g - +1 chain mail
rPois    .         Spirit   +   (no helmet)
rElec    .         Reflect  .   (no cloak)
rCorr    .         Harm     .   p - +0 pair of gloves
MR       .....                  (no boots)
Stlth    ..........             r - amulet of guardian spirit
HPRegen  0.21/turn              i - ring of protection from fire
MPRegen  0.14/turn              o - ring of positive energy

@: mighty, sanguine armour, starving
A: talons 1, fire resistance 1, powered by pain 1, sanguine armour 2
a: Depart the Abyss, Bend Space, Banish, Corrupt, Renounce Religion


You were on level 8 of the Dungeon.
You worshipped Lugonu.
Lugonu was greatly pleased with you.
You were starving.

You visited 1 branch of the dungeon, and saw 8 of its levels.
You visited the Abyss 1 time.
You also visited: Ossuary.

You collected 632 gold pieces.

Inventory:

Hand Weapons
 a - a +2 mace (weapon)
Armour
 b - a +0 leather armour
 g - a +1 chain mail (worn)
 l - a +0 kite shield
 n - a +0 buckler (worn)
 p - a +0 pair of gloves (worn)
Jewellery
 i - a ring of protection from fire (left hand)
 o - a ring of positive energy (right hand)
 r - an amulet of guardian spirit (around neck)
Wands
 v - a wand of iceblast (10)
Scrolls
 f - 3 scrolls of remove curse
 j - 3 scrolls of identify
 t - 2 scrolls of enchant weapon
 u - 3 scrolls of fear
 y - 2 scrolls of blinking
Potions
 d - 5 potions of stabbing
 e - 8 potions of curing
 h - 2 potions of resistance
 k - 5 potions of haste
 m - a potion of invisibility
 q - a potion of cancellation
 s - 4 potions of flight
 w - 3 potions of brilliance
 x - a potion of ambrosia
 A - 2 potions of might
 B - 2 potions of heal wounds
 C - 2 potions of magic
Comestibles
 c - 11 rations


   Skills:
 + Level 6.4 Fighting
 * Level 7.7 Maces & Flails
 + Level 5.5 Armour
 - Level 0.8 Dodging
 + Level 4.8 Shields
 + Level 7.9 Invocations


You had 8 spell levels left.
You didn't know any spells.
Your spell library contained the following spells:

 Spells                   Type           Power        Failure   Level  Hunger
 Animate Skeleton         Necr           N/A          99%         1    ##.....
 Apportation              Tloc           #.....       99%         1    ##.....
 Corona                   Hex            #......      99%         1    ##.....
 Summon Small Mammal      Summ           #...         99%         1    ##.....


Dungeon Overview and Level Annotations

Branches:
Dungeon (8/15)             Temple (0/1) D:7         Ossuary (visited)
   Lair: D:8-11

Altars:
Dithmenos
Elyvilon
Gozag
Okawaru
Vehumet

Shops:
D:4 %

Annotations:
D:3 2 transporters, EriolAelfwine's ghost, amateur MfFE
D:5 2 transporters


Innate Abilities, Weirdness & Mutations

You have sharp toenails.
Your flesh is heat resistant. (rF+)
You sometimes gain a little power by taking damage.
When seriously injured, your bleeding wounds create thick armour. (AC +9)


Message History

The skeletal warrior closely misses you.
The skeletal warrior hits you with a +0 mace!
* * * LOW HITPOINT WARNING * * *
You closely miss the skeletal warrior. Your kick misses the skeletal warrior.
The skeletal warrior is heavily damaged.
The skeletal warrior hits you but does no damage.
Your chain mail prevents you from hitting the skeletal warrior.
Your kick misses the skeletal warrior.
The skeletal warrior is heavily damaged.
The skeletal warrior hits you but does no damage.
The skeletal warrior hits you with a +0 dire flail!
* * * LOW HITPOINT WARNING * * *
You focus on the pain.
You feel very mighty all of a sudden.
You hit the skeletal warrior. Your kick misses the skeletal warrior.
The skeletal warrior is heavily damaged.
The skeletal warrior hits you with a +0 mace.
* * * LOW HITPOINT WARNING * * *
The skeletal warrior hits you with a +0 dire flail!
You die...

#..#.....#..............
#..#...###.............#
#####......##'##########
#......#.).........'
#......#...........#
#......#..........##
#.....<#..........#.
#......#..........'.
#####.z@...####..###..#.
#...##z#####.##..######.
#........#.........#..#.
#........#....^....'..'.
#...#######..##..###..#.
#...####.######..###..#.
#.............#.z#....#.
#.............#..+....#.
#.............'..#....#.


You could see 2 skeletal warriors.

Vanquished Creatures
  Grinder (D:4)
  Duvessa (D:5)
  An ice beast (D:6)
  A black bear (D:5)
  A sky beast (D:7)
  2 phantoms
  2 ogres
  A necrophage (D:7)
  4 centaurs
  A bullfrog (D:6)
  Dowan (D:5)
  A scorpion (D:8)
  6 killer bees (D:7)
  8 wights (D:7)
  A howler monkey (D:4)
  3 crimson imps
  A bullfrog skeleton (D:7)
  2 hounds
  2 jellies
  2 orc priests (D:7)
  An iguana (D:4)
  Ijyb (D:4)
  Natasha (thrice) (D:3)
  8 orc wizards
  9 worker ants
  A big kobold zombie (Ossuary)
  8 mummies (Ossuary)
  A hound skeleton (D:4)
  11 adders
  3 shadow imps
  2 oozes
  4 worms
  3 dart slugs
  7 leopard geckos
  27 orcs
  6 giant cockroaches
  A gnoll zombie (Ossuary)
  7 goblins
  11 hobgoblins
  12 jackals
  5 kobolds (D:1)
  6 quokkas
  2 ball pythons (D:4)
  7 bats
  7 frilled lizards
  3 hobgoblin zombies (Ossuary)
  A jackal skeleton (D:5)
  A kobold zombie (Ossuary)
  A leopard gecko skeleton (D:5)
  A leopard gecko zombie (D:6)
  2 orc zombies (Ossuary)
  9 rats
  2 rat zombies (D:7)
215 creatures vanquished.

Vanquished Creatures (others)
  An ogre (D:4)
  A plant (D:4)
2 creatures vanquished.

Grand Total: 217 creatures vanquished

Notes
Turn   | Place    | Note
-------+----------+-------------------------------------------
     0 | Abyss:1  | kae the Demonspawn Abyssal Knight began the quest for the
                  | Orb.
     0 | Abyss:1  | Reached XP level 1. HP: 18/18 MP: 2/2
    54 | Abyss:1  | Noticed a smoke demon
    55 | D:1      | Escaped the Abyss
   254 | D:1      | Gained mutation: When seriously injured, your bleeding
                  | wounds create armour. (AC +9) [demonic ancestry]
   254 | D:1      | Reached XP level 2. HP: 24/24 MP: 4/4
   287 | D:1      | Reached * piety under Lugonu
   479 | D:1      | Gained mutation: When seriously injured, your bleeding
                  | wounds create thick armour. (AC +9) [demonic ancestry]
   479 | D:1      | Reached XP level 3. HP: 28/29 MP: 5/5
  1404 | D:2      | Gained mutation: You have sharp toenails. [demonic
                  | ancestry]
  1404 | D:2      | Reached XP level 4. HP: 25/35 MP: 6/6
  1573 | D:2      | Reached ** piety under Lugonu
  1658 | D:2      | Found an opulent altar of Gozag.
  2179 | D:3      | Reached XP level 5. HP: 33/41 MP: 7/7
  2260 | D:3      | Found an iron altar of Okawaru.
  2542 | D:3      | Found a transporter.
  2566 | D:3      | Found a white marble altar of Elyvilon.
  2625 | D:3      | Found a transporter.
  2625 | D:3      | Noticed EriolAelfwine's ghost (amateur MfFE)
  2937 | D:3      | Noticed Natasha
  2954 | D:3      | Killed Natasha
  2954 | D:3      | Reached skill level 1 in Shields
  3157 | D:3      | Noticed Natasha
  3167 | D:3      | Killed Natasha
  3167 | D:3      | Reached *** piety under Lugonu
  3308 | D:3      | Found a white marble altar of Elyvilon.
  3380 | D:3      | Noticed Natasha
  3382 | D:3      | Found a transporter.
  3391 | D:3      | Killed Natasha
  3391 | D:3      | Gained mutation: You sometimes gain a little power by
                  | taking damage. [demonic ancestry]
  3391 | D:3      | Reached XP level 6. HP: 34/48 MP: 9/9
  3583 | D:3      | Found a transporter.
  3809 | D:3      | Found an iron altar of Okawaru.
  4828 | D:4      | Gained mutation: Your flesh is heat resistant. (rF+)
                  | [demonic ancestry]
  4828 | D:4      | Reached XP level 7. HP: 34/55 MP: 10/10
  4922 | D:4      | Noticed Ijyb
  4966 | D:4      | Reached skill level 5 in Invocations
  4976 | D:4      | Killed Ijyb
  5077 | D:4      | Found a radiant altar of Vehumet.
  5111 | D:4      | Noticed Grinder
  5128 | D:4      | Paralysed by Grinder for 4 turns
  5156 | D:4      | Paralysed by Grinder for 2 turns
  5160 | D:4      | Killed Grinder
  5160 | D:4      | Reached skill level 5 in Maces & Flails
  5523 | D:4      | Found Woif's Food Shoppe.
  5596 | D:4      | Reached XP level 8. HP: 53/61 MP: 12/12
  5802 | D:5      | Entered Level 5 of the Dungeon
  5828 | D:5      | Found a transporter.
  5902 | D:5      | Found a transporter.
  5927 | D:5      | Reached skill level 5 in Fighting
  6201 | D:5      | Noticed Duvessa
  6201 | D:5      | Noticed Dowan
  7026 | D:5      | Killed Duvessa
  7063 | D:5      | Killed Dowan
  7557 | D:6      | Found a shadowy altar of Dithmenos.
  7846 | D:6      | Reached XP level 9. HP: 64/68 MP: 12/14
  8392 | D:7      | Reached **** piety under Lugonu
  8530 | D:7      | Reached skill level 5 in Armour
  8536 | D:7      | Found a sand-covered staircase.
  8545 | Ossuary  | Entered an ossuary
  9675 | D:7      | Found a staircase to the Ecumenical Temple.
 10943 | D:8      | Noticed a skeletal warrior
 10943 | D:8      | Noticed a skeletal warrior
 11008 | D:8      | Slain by a skeletal warrior

Levels and vault maps discovered:
D:1:      dpeg_arrival_arbitrary_c, layout_basic, chequers_garden
D:2:      layout_rooms, nicolae_gozag_seed_capital, minmay_pentomino_x4
D:3:      layout_basic, okawaru_altar_gauntlet_db, elyvilon_altar_5,
          gammafunk_ghost_mausoleum, uniq_natasha
D:4:      layout_basic, kennysheep_little_box, serial_shops,
          nicolae_shop_waterfront, first_ration, kennysheep_big_empty_room,
          saegor_snake_ambush, uniq_ijyb, uniq_grinder
D:5:      layout_loops_ring, gammafunk_ghost_stat_death, uniq_duvessa
D:6:      layout_cave_pools, serial_park_tiny_2, nicolae_dithmenos_shadow_blocks
D:7:      layout_basic, minmay_temple_entry_hall, enter_ossuary_4
D:8:      layout_gridville, serial_shops, shop_statue

Skill      XL: |  1  2  3  4  5  6  7  8  9 |
---------------+----------------------------+-----
Maces & Flails | 2 3 4 5 6 7 |  7.7
Armour         | 2 3 4 5 |  5.5
Invocations    | 3 4 5 6 7 |  7.9
Shields        | 1 2 3 4 |  4.8
Fighting       | 4 5 6 |  6.4
Dodging        | |  0.8

Action                   |  1- 3 |  4- 6 |  7- 9 || total
-------------------------+-------+-------+-------++-------
Melee: Mace              |   130 |   255 |   636 ||  1021
       Kick              |       |    69 |   169 ||   238
Invok: Depart the Abyss  |     1 |       |       ||     1
       Bend Space        |       |     1 |     1 ||     2
       Banish            |       |     1 |       ||     1
Evoke: Wand              |       |       |    11 ||    11
  Use: Scroll            |       |     9 |    13 ||    22
       Potion            |       |       |     9 ||     9
  Eat: Chunk             |     2 |    10 |    20 ||    32
Armor: Leather armour    |    39 |       |       ||    39
       Chain mail        |    58 |   177 |   329 ||   564
       Skin              |       |       |    29 ||    29
Dodge: Dodged            |    95 |    61 |   181 ||   337
Block: Kite shield       |     5 |    13 |       ||    18
       Buckler           |       |    34 |   122 ||   156

Table legend:
 A = Non-vault XP
 B = Vault XP
 C = Vault XP percentage of total XP
 D = Non-vault monster count
 E = Vault monster count
 F = Vault count percentage of total count
                 A         B        C        D         E       F
            +---------+---------+-------+---------+---------+-------
      Total |    4186 |     779 |  15.7 |     183 |      33 |  15.3
            +---------+---------+-------+---------+---------+-------
        D:1 |      78 |       4 |   4.9 |      35 |       2 |   5.4
        D:2 |      72 |       1 |   1.4 |      18 |       1 |   5.3
        D:3 |     229 |      50 |  17.9 |      33 |       7 |  17.5
        D:4 |     867 |     321 |  27.0 |      27 |       3 |  10.0
        D:5 |     641 |     224 |  25.9 |      15 |       2 |  11.8
        D:6 |     579 |       0 |   0.0 |      16 |       0 |   0.0
        D:7 |    1510 |       2 |   0.1 |      36 |       2 |   5.3
        D:8 |     210 |       0 |   0.0 |       3 |       0 |   0.0
    Ossuary |       0 |     177 | 100.0 |       0 |      16 | 100.0
            +---------+---------+-------+---------+---------+-------
